 Dungeon Crawl Stone Soup version 0.24.0-13-gcf9b3192b9 (webtiles) character file.

Game seed: 8433288699769489223, levelgen mode: deterministic

28 Monsterracer the Stinger (level 3, 0/28 HPs)
             Began as a Ghoul Venom Mage on Nov 7, 2019.
             Slain by a kobold
             ... wielding a +1 whip of distortion
              (19 damage)
             ... on level 1 of the Dungeon.
             The game lasted 00:01:04 (660 turns).

Monsterracer the Stinger (Ghoul Venom Mage)          Turns: 660, Time: 00:01:04

Health: 0/28       AC:  0    Str: 12    XL:     3   Next: 12%
Magic:  4/4        EV: 12    Int: 10    God:
Gold:   14         SH:  0    Dex:  9    Spells: 4/5 levels left

rFire    . . .     SeeInvis .     - Unarmed
rCold    + . .     Gourm    .   (no shield)
rNeg     + + +     Faith    .   (no armour)
rPois    ∞         Spirit   .   (no helmet)
rElec    .         Reflect  .   (no cloak)
rCorr    .         Harm     .   (no gloves)
MR       .....                  (no boots)
Stlth    ++........             (no amulet)
HPRegen  0.00/turn              (no ring)
MPRegen  0.09/turn              (no ring)

@: rotting
A: rotting body, claws 1, carnivore, cold resistance 1, negative energy
resistance 3, inhibited regeneration, torment resistance, unbreathing
a: no special abilities


You were on level 1 of the Dungeon.
You were not hungry.

You visited 1 branch of the dungeon, and saw 1 of its levels.

You collected 14 gold pieces.

Inventory:

Armour
 b - a +0 ring mail
   (You found it on level 1 of the Dungeon)
Scrolls
 a - a scroll of identify {unknown}
 d - a scroll of random uselessness {unknown}
Comestibles
 c - 2 rations
 f - 2 chunks of flesh


   Skills:
 + Level 1.4 Fighting
 - Level 1.7 Dodging
 - Level 2.1 Stealth
 * Level 2.3 Unarmed Combat
 - Level 1.7 Spellcasting
 - Level 0.7 Conjurations
 - Level 3.0 Poison Magic


You had 4 spell levels left.
You knew the following spells:

 Your Spells              Type           Power        Failure   Level  Hunger
j - Sting                 Conj/Pois      #...         16%         1    ##.....

Your spell library contained the following spells:

 Spells                   Type           Power        Failure   Level  Hunger
 Poisonous Vapours        Pois/Air       #.....       26%         2    ###....
 Mephitic Cloud           Conj/Pois/Air  #.......     50%         3    ####...
 Olgreb's Toxic Radiance  Pois           #.......     67%         4    #####..
 Venom Bolt               Conj/Pois      #.........   99%         5    ######.


Dungeon Overview and Level Annotations

Branches:
Dungeon (1/15)

Altars:


Innate Abilities, Weirdness & Mutations

Your body is rotting away.
You thrive on raw meat.
You are immune to poison.
You have sharp fingernails.
You are carnivorous and can eat meat at any time.
Your flesh is cold resistant. (rC+)
You are immune to negative energy. (rN+++)
You do not regenerate when monsters are visible.
You are immune to unholy pain and torment.
You can survive without breathing.


Message History

The slug dart misses you.
You scratch the dart slug.
You kill the dart slug!
You have reached level 3!
Your experience leads to an increase in your attributes!
Increase (S)trength, (I)ntelligence, or (D)exterity?
You feel stronger. The bat barely misses you. x2
Eat one of 7 chunks of flesh? (ye/n/q)
You eat one of the 7 chunks of flesh.
This raw flesh tastes great!
The bat closely misses you. The bat barely misses you.
You scratch the bat.
You kill the bat!
No target in view!
No target in view!
No target in view!
You butcher the dart slug corpse.
f - 7 chunks of flesh (gained 1)
You now have 14 gold pieces.
Found 13 stones.
A hobgoblin comes into view. It is wielding a +0 club.
A hobgoblin is nearby!
The hobgoblin shouts!
The hobgoblin barely misses you.
You scratch the hobgoblin.
The hobgoblin is heavily wounded.
The hobgoblin barely misses you.
You closely miss the hobgoblin.
The hobgoblin is heavily wounded.
You barely miss the hobgoblin.
The hobgoblin is heavily wounded.
You feel your flesh rotting away. The hobgoblin misses you.
You barely miss the hobgoblin.
The hobgoblin is heavily wounded.
The hobgoblin hits you with a +0 club.
A hobgoblin is nearby!
You barely miss the hobgoblin.
The hobgoblin is heavily wounded.
The hobgoblin hits you with a +0 club.
You are too injured to fight recklessly!
You are too injured to fight recklessly!
You scratch the hobgoblin.
The hobgoblin is almost dead.
The hobgoblin misses you.
You scratch the hobgoblin but do no damage.
The hobgoblin is almost dead.
The hobgoblin closely misses you.
You barely miss the hobgoblin.
The hobgoblin is almost dead.
The hobgoblin hits you with a +0 club.
You scratch the hobgoblin.
You kill the hobgoblin!
You see here a +0 club.
Sorry, you're not good enough to have a special ability.
Sorry, you're not good enough to have a special ability.
Eating one of 7 chunks of flesh.
You eat one of the 7 chunks of flesh.
You feel more resilient.
This raw flesh tastes great!
c - 2 rations (gained 1)
A frilled lizard comes into view.
A frilled lizard is nearby!
A frilled lizard is nearby!
No target in view!
No target in view!
No target in view!
The frilled lizard is too close now for your liking.
A frilled lizard is nearby!
A frilled lizard is nearby!
The helpless frilled lizard fails to defend itself.
You scratch the frilled lizard.
The frilled lizard is heavily wounded.
The frilled lizard bites you.
A frilled lizard is nearby!
You closely miss the frilled lizard.
The frilled lizard is heavily wounded.
The frilled lizard bites you.
A frilled lizard is nearby!
A frilled lizard is nearby!
You scratch the frilled lizard but do no damage.
The frilled lizard is heavily wounded.
The frilled lizard bites you.
A frilled lizard is nearby!
You scratch the frilled lizard.
You kill the frilled lizard!
No target in view!
Some of the chunks of flesh in your inventory have rotted away.
Some of the chunks of flesh in your inventory have rotted away.
You butcher the frilled lizard corpse.
f - 2 chunks of flesh (gained 1)
You see here a frilled lizard skeleton. x2
A kobold comes into view. It is wielding a +1 whip of distortion.
The kobold shouts!
The kobold hits you but does no damage. Space bends around you.
You closely miss the kobold. The kobold misses you.
You scratch the kobold but do no damage.
The kobold hits you with a +1 whip of distortion.
Space warps horribly around you!!
Ouch! That really hurt!
You die...

#..##..#......... .#
##......#.....#### .#
.##.###.####### .##.#
#.# .##.###.####
...#.......#
..###......#
.#.#.###...########.#
.##.## ##.##....@K..#
##### #.##.########
#.## #....# .#.#
###### #.## #.# #.#
#.## ...#


You could see a kobold.

Vanquished Creatures
  A gnoll (D:1)
  A dart slug (D:1)
  2 goblins (D:1)
  6 hobgoblins (D:1)
  2 bats (D:1)
  A frilled lizard (D:1)
  3 kobolds (D:1)
16 creatures vanquished.

Notes
Turn   | Place    | Note
-------+----------+-------------------------------------------
     0 | D:1      | Monsterracer the Ghoul Venom Mage began the quest for the
                  | Orb.
     0 | D:1      | Reached XP level 1. HP: 14/14 MP: 2/2
    47 | D:1      | HP: 7/14 [hobgoblin/+0 club (3)]
    77 | D:1      | Reached skill level 1 in Unarmed Combat
    93 | D:1      | HP: 7/15 [gnoll (8)]
    98 | D:1      | HP: 4/15 [gnoll (2)]
   105 | D:1      | HP: 1/15 [gnoll (1)]
   124 | D:1      | HP: 7/15 [gnoll (4)]
   125 | D:1      | Reached skill level 1 in Fighting
   125 | D:1      | Reached XP level 2. HP: 10/23 MP: 3/3
   350 | D:1      | HP: 11/22 [kobold/+0 dagger (2)]
   425 | D:1      | Reached XP level 3. HP: 23/28 MP: 4/4
   660 | D:1      | Slain by a kobold

Levels and vault maps discovered:
D:1:      dpeg_arrival_rooms_with_view, layout_loops_cross, st_stairs_4

Skill      XL: |  1  2 |
---------------+-------+-----
Unarmed Combat | 1 2 |  2.3
Fighting       | 1 |  1.4
Dodging        | |  1.7
Stealth        | |  2.1
Spellcasting   | |  1.7
Conjurations   | |  0.7
Poison Magic   | |  3.0

Action                   || total
-------------------------++-------
Melee: Unarmed           ||    73
       Punch             ||     1
 Stab: Sleeping          ||     1
  Eat: Chunk             ||    15
Armor: Robe              ||     1
Dodge: Dodged            ||    43
